 Dungeon Crawl Stone Soup version 0.31.0-11-ge490571c62 (webtiles) character file.

Game seed: 12461481556916075318

1754 Curundu the Covered (level 8, 0/106 HPs)
             Began as a Minotaur Berserker on Feb 6, 2024.
             Was an Elder of Trog.
             Slain by an orc knight
             ... wielding a +0 war axe
              (7 damage)
             ... in a bailey.
             The game lasted 00:17:27 (6122 turns).

Curundu the Covered (Minotaur Berserker)            Turns: 6122, Time: 00:17:28

Health: 0/106      AC: 14    Str: 25    XL:     8   Next: 78%
Magic:  7/7        EV: 10    Int:  7    God:    Trog [****..]
Gold:   352        SH:  0    Dex:  9    Spells: 7/7 levels left

rFire   . . .        l - +3 hammer of the Pyrrhic Victory {freeze, rPois Int+3}
rCold   . . .        (no shield)
rNeg    . . .        h - +0 chain mail
rPois   +            (helmet restricted)
rElec   .            k - +1 cloak
rCorr   .            (no gloves)
SInv    .            d - +0 pair of boots
Will    ++...        (no amulet) Stlth
                     g - ring of flight
HPRegen 1.37/turn    (no ring)
MPRegen 0.10/turn

%: no passive effects
@: berserking, strong-willed, flying, regenerating, very quick
A: horns 2, retaliatory headbutt
a: Renounce Religion, Berserk, Trog's Hand, Brothers in Arms


You were in a bailey.
You worshipped Trog.
Trog was greatly pleased with you.
You visited 1 branch of the dungeon, and saw 7 of its levels.
You also visited: Bailey.

You collected 352 gold pieces.

Inventory:

Hand Weapons
 a - a +0 hand axe of flaming
 l - the +3 hammer of the Pyrrhic Victory (weapon) {freeze, rPois Int+3}
   (You found it on level 2 of the Dungeon)

   Int+3:     It affects your intelligence (+3).
   rPois:     It protects you from poison
 m - a +0 war axe
Missiles
 c - 6 javelins (quivered)
 o - 11 boomerangs
Armour
 d - a +0 pair of boots (worn)
 h - a +0 chain mail (worn)
 k - a +1 cloak (worn)
Jewellery
 g - a ring of flight (left hand)
 r - a ring of see invisible
Wands
 j - a wand of polymorph (8)
 s - a wand of mindburst (18)
Scrolls
 e - 3 scrolls of identify
 p - a scroll of blinking
 q - 3 scrolls of poison
 t - 4 scrolls of teleportation
 v - a scroll of revelation
Potions
 b - 3 potions of heal wounds
 f - 2 potions of magic
 i - 2 potions of haste
 n - a potion of attraction
 u - 2 potions of curing {unknown}


   Skills:
 + Level 6.5 Fighting
 + Level 5.9(7.5) Axes
 + Level 7.1(8.1) Maces & Flails
 + Level 7.9 Armour
 + Level 4.4 Dodging
 + Level 1.1 Stealth


You had 7 spell levels left.
You didn't know any spells.
Your spell library was empty.

Dungeon Overview and Level Annotations

Branches:
Dungeon (7/15)             Bailey (1/1)
 Temple: D:4-7

Altars:
Cheibriados
Dithmenos
Elyvilon
Kikubaaqudgha
Nemelex Xobeh
Vehumet

Shops:
D:4 [   D:6 ?


Innate Abilities, Weirdness & Mutations

You have a pair of horns on your head.
You reflexively headbutt those who attack you in melee.


Message History

You sock the gnoll! You freeze the gnoll.
You kill the gnoll!
Trog accepts your kill.
The orc warrior hits you but does no damage.
The orc barely misses you. You furiously retaliate!
You headbutt the orc!
You kill the orc!
Trog accepts your kill.
You closely miss the orc knight. You headbutt the orc knight!
The orc knight is lightly wounded.
The orc warrior hits you with a +0 war axe.
The orc knight hits you with a +0 war axe!
Your skin crawls.
You feel strong-willed. The orc warrior misses you.
The orc knight hits you with a +0 war axe!
A red film seems to cover your vision as you go berserk!
You feel yourself moving faster!
You feel mighty! The orc warrior barely misses you.
The orc knight hits you with a +0 war axe.
You barely miss the orc knight.
The orc knight is lightly wounded.
You closely miss the orc knight. Your headbutt misses the orc knight.
The orc knight is lightly wounded.
The orc knight roars a battlecry!
The orc warrior goes into a battle-frenzy!
The orc warrior hits you with a +0 war axe.
You barely miss the orc knight.
The orc knight is lightly wounded.
The orc warrior hits you with a +0 war axe!
* * * LOW HITPOINT WARNING * * *
The orc knight hits you but does no damage.
You thump the orc knight! You freeze the orc knight.
Your headbutt misses the orc knight.
The orc knight is moderately wounded.
You closely miss the orc knight. You headbutt the orc knight.
The orc knight is heavily wounded.
The orc warrior hits you with a +0 war axe!
* * * LOW HITPOINT WARNING * * *
The orc knight hits you with a +0 war axe!
You die...

...#....['..
...#.....'..
..o#.....'..
8.8##....#.. .
..?~#....##. ...
..}~#.....## ....###
~~~##......#
8.....)#########..†.....
......o@))...'....8..8..
......o#~~~~~#..........
8..8...#~~~~~#.........#
......##~~~~~##...8...##
?....##.......##.....##
#?$.##.........##...##
#### ♣♣♣.....♣♣♣#####
♣♣♣∩♣♣♣


You could see an orc knight and an orc warrior (strong).

Vanquished Creatures
  Sigmund (D:4)
  A sky beast (D:7)
  2 ice beasts
  2 phantoms
  2 bullfrogs
  A scorpion (D:5)
  4 howler monkeys (D:7)
  A bombardier beetle (D:3)
  A gnoll bouda (D:5)
  3 hounds
  Crazy Yiuf (D:2)
  An orc priest (D:7)
  2 jellies (D:6)
  2 sleepcaps
  Natasha (thrice) (D:2)
  4 orc wizards
  10 adders
  11 gnolls
  A shadow imp (D:3)
  3 white imps
  A dart slug (D:2)
  A ribbon worm (D:2)
  20 orcs
  5 endoplasms
  3 giant cockroaches
  13 goblins
  8 hobgoblins
  9 jackals
  2 quokkas
  7 ball pythons
  7 bats
  5 frilled lizards
  15 kobolds
  5 rats
157 creatures vanquished.

Notes
Turn   | Place    | Note
-------+----------+-------------------------------------------
     0 | D:1      | Curundu the Minotaur Berserker began the quest for the Orb.
     0 | D:1      | Reached XP level 1. HP: 19/19 MP: 0/0
   216 | D:1      | Found a faded altar of an unknown god.
   274 | D:1      | Reached XP level 2. HP: 27/27 MP: 1/1
   546 | D:1      | Reached ** piety under Trog
   586 | D:1      | Reached XP level 3. HP: 33/33 MP: 2/2
  1399 | D:2      | Noticed Natasha
  1401 | D:2      | Killed Natasha
  1402 | D:2      | Reached XP level 4. HP: 41/41 MP: 3/3
  1429 | D:2      | Noticed Natasha
  1437 | D:2      | Killed Natasha
  1438 | D:2      | Reached skill level 5 in Axes
  1565 | D:2      | Found a runed translucent door.
  1566 | D:2      | Noticed Crazy Yiuf
  1575 | D:2      | Killed Crazy Yiuf
  1576 | D:2      | Reached XP level 5. HP: 24/47 MP: 0/4
  1620 | D:2      | Identified the +3 hammer of the Pyrrhic Victory {freeze,
                  | rPois Int+3}
  1912 | D:2      | Noticed Natasha
  1925 | D:2      | Killed Natasha
  2156 | D:3      | Found a snail-covered altar of Cheibriados.
  2177 | D:3      | Reached skill level 5 in Fighting
  2534 | D:3      | Reached *** piety under Trog
  2790 | D:4      | Reached skill level 1 in Maces & Flails
  2793 | D:4      | Reached XP level 6. HP: 56/56 MP: 5/5
  2935 | D:4      | Noticed Sigmund
  2960 | D:4      | Killed Sigmund
  2961 | D:4      | Reached skill level 5 in Armour
  3118 | D:4      | Found Hulul's Armour Shoppe.
  3293 | D:4      | Found a white marble altar of Elyvilon.
  3408 | D:5      | Entered Level 5 of the Dungeon
  3420 | D:5      | Reached XP level 7. HP: 60/61 MP: 6/6
  3797 | D:5      | Found a shadowy altar of Dithmenos.
  4359 | D:5      | Found a sparkling altar of Nemelex Xobeh.
  5070 | D:6      | Reached skill level 5 in Maces & Flails
  5070 | D:6      | Reached XP level 8. HP: 66/70 MP: 7/7
  5343 | D:6      | Found Ufi Dosut's Magic Scroll Shop.
  5533 | D:7      | Found an ancient bone altar of Kikubaaqudgha.
  5534 | D:7      | Found a radiant altar of Vehumet.
  5682 | D:7      | Reached skill level 1 in Stealth
  5763 | D:7      | Reached **** piety under Trog
  5952 | D:7      | Found a flagged portal.
  5975 | Bailey   | Entered a bailey
  5994 | Bailey   | Noticed an orc warlord
  6110 | Bailey   | Noticed an orc knight
  6122 | Bailey   | Slain by an orc knight

Illustrated notes

Levels and vault maps discovered:
D:1:      dpeg_arrival_court, layout_loops_corners,
          shapermc_ecumenical_altar_mp_ritualfount, minmay_three_crescents
D:2:      layout_basic, uniq_crazy_yiuf_cottage, uniq_natasha
D:3:      layout_basic, slow_altar_1, serial_bayou_lagoon_b
D:4:      layout_rooms, elyvilon_altar_1, serial_shops, nicolae_shop_peninsula,
          uniq_sigmund
D:5:      layout_layer_cave, kennysheep_mini_moat, nemelex_diamond_rough_becter
D:6:      layout_basic, serial_shops, nicolae_shop_rolled_up,
          serial_bayou_pond_d
D:7:      lemuel_ice_spiral_2, layout_rooms, grunt_temple_overflow_open,
          minmay_temple_entry_stoned_glass, enter_bailey_7
Bailey:   bailey_axe_bossmonster_kennysheep, bailey

Skill      XL: |  1  2  3  4  5  6  7  8 |
---------------+-------------------------+-----
Axes           | 4 5 |  5.9
Fighting       | 4 5 6 |  6.5
Armour         | 3 4 5 6 7 |  7.9
Maces & Flails | 1 3 5 7 |  7.1
Dodging        | 3 4 |  4.4
Stealth        | 1 |  1.1

Action                     |  1- 3 |  4- 6 |  7- 9 || total
---------------------------+-------+-------+-------++-------
  Melee: Hand axe          |    77 |    11 |       ||    88
         Headbutt          |    11 |    11 |    19 ||    41
         Mace              |       |    94 |   178 ||   272
         Punch             |       |       |     1 ||     1
 Invoke: Trog's Hand       |       |     1 |     4 ||     5
         Berserk           |       |       |     2 ||     2
    Use: Scroll            |     4 |     8 |     6 ||    18
 Armour: Scale mail        |    14 |       |       ||    14
         Animal skin       |     2 |       |       ||     2
         Chain mail        |    27 |   125 |   241 ||   393
  Dodge: Dodged            |    37 |    69 |   125 ||   231
